Map: 2000 Atmospheres LE

Players

Solar - Winner!

  • Race: Zerg Zerg

LiquidClem (Clem)

  • Race: Terran Terran

Event: ASUS ROG Fall 2021

VOD

Have the link to the VOD?

Description

Time

  • Played on: Sept. 17, 2021, 11:25 a.m.
  • Length: 17:51

All games in this series

Show
View Real Time Build Order
Export as new Build Order

Solar Zerg - Winner!

Build Orders: Hatch First, Lurkers 

Get SALT Encoding   

  12  0:00  Drone  
  13  0:12  Overlord  
  13  0:17  Drone  
  14  0:31  Drone x2  
  16  0:47  Hatchery  
  15  0:51  Drone  
  15  0:55  Drone  
  17  0:58  Drone  
  18  1:09  Extractor  
  17  1:13  Spawning Pool  
  17  1:16  Drone  
  17  1:19  Drone  
  18  1:28  Drone  
  19  1:39  Drone  
  20  1:50  Drone  
  21  1:59  Queen x2  
  21  2:00  Zergling x4  
  27  2:10  Overlord  
  27  2:11  Drone  
  28  2:21  Hatchery  
  27  2:24  Drone  
  27  2:29  Drone  
  29  2:35  Queen  
  29  2:36  Drone  
  32  2:41  Metabolic Boost  
  32  2:46  Overlord  
  32  2:49  Drone  
  33  2:51  Drone  
  33  2:54  Drone  
  33  2:55  Drone  
  36  3:05  Drone x2  
  38  3:09  Drone  
  38  3:10  Drone x2  
  40  3:13  Queen  
  40  3:17  Overlord  
  40  3:19  Zergling x2  
  43  3:28  Overlord  
  43  3:32  Queen  
  43  3:33  Queen  
  47  3:35  Drone  
  47  3:37  Zergling x2  
  47  3:39  Zergling x2  
  50  3:42  Drone  
  50  3:44  Drone  
  50  3:45  Drone  
  50  3:46  Drone  
  50  3:47  Zergling x2  
  55  3:50  Overlord  
  55  3:52  Drone  
  55  3:55  Spore Crawler  
  55  3:56  Drone  
  56  4:04  Zergling x2  
  56  4:07  Drone  
  56  4:09  Spore Crawler, Drone  
  58  4:11  Drone  
  58  4:12  Drone x2  
  60  4:18  Drone x3, Baneling Nest  
  60  4:23  Overlord  
  62  4:24  Zergling x6  
  62  4:26  Drone x2  
  62  4:30  Evolution Chamber  
  62  4:31  Evolution Chamber  
  66  4:33  Extractor, Overlord  
  67  4:49  Drone x4  
  69  4:53  Drone x2  
  69  4:55  Drone  
  69  4:56  Drone x2  
  69  4:57  Drone  
  69  4:58  Drone  
  71  5:01  Drone x2  
  71  5:04  Drone  
  74  5:08  Drone  
  74  5:11  Zerg Melee Weapons Level 1, Zerg Ground Armor Level 1  
  74  5:12  Drone  
  74  5:13  Drone x2  
  76  5:16  Zergling x6  
  76  5:20  Extractor  
  78  5:23  Overlord  
  78  5:27  Lair  
  77  5:30  Drone x2  
  77  5:32  Drone x2  
  77  5:35  Overlord x2  
  81  5:39  Baneling Nest, Drone  
  81  5:42  Overlord  
  81  5:43  Drone x2  
  81  5:46  Extractor, Drone x2  
  81  5:47  Extractor  
  81  5:49  Drone  
  84  5:52  Drone  
  84  5:57  Drone x2  
  86  5:58  Hatchery  
  86  6:00  Drone x2  
  86  6:04  Zergling x6  
  91  6:08  Zergling x8  
  91  6:10  Zergling x2  
  96  6:12  Drone  
  97  6:21  Drone  
  97  6:22  Zergling x4  
  97  6:25  Baneling x10  
  100  6:27  Zergling x6  
  100  6:28  Centrifical Hooks  
  100  6:30  Overlord  
  100  6:32  Zergling x4  
  105  6:33  Hatchery  
  105  6:35  Overseer  
  105  6:36  Drone x2  
  105  6:39  Zergling x6  
  108  6:43  Zergling x4  
  108  6:46  Overlord  
  110  6:49  Zergling x2  
  110  6:53  Drone  
  112  6:54  Drone x3  
  112  6:58  Zergling x2, Baneling x2  
  112  6:59  Zergling x2  
  117  7:03  Drone  
  117  7:04  Zergling x4  
  120  7:10  Zergling x8  
  120  7:13  Zerg Melee Weapons Level 2, Zerg Ground Armor Level 2  
  122  7:17  Drone  
  122  7:19  Drone  
  122  7:22  Drone x2  
  119  7:24  Drone  
  119  7:25  Drone  
  119  7:26  Zergling x8  
  115  7:30  Zergling x4  
  115  7:33  Drone  
  115  7:34  Overlord  
  117  7:38  Queen  
  117  7:40  Baneling x6  
  117  7:43  Zergling x8, Infestation Pit  
  121  7:46  Baneling x5  
  121  7:51  Overlord  
  121  7:52  Zergling x2  
  121  7:53  Overlord  
  121  7:54  Overseer, Pneumatized Carapace  
  121  7:56  Zergling x18  
  122  7:59  Zergling x2  
  122  8:04  Zergling x2  
  119  8:07  Zergling x2  
  119  8:08  Zergling x4  
  119  8:15  Queen  
  119  8:18  Zergling x14  
  119  8:19  Extractor, Hydralisk Den  
  124  8:22  Spore Crawler, Baneling  
  124  8:23  Zergling x18, Baneling x4  
  128  8:27  Zergling x2  
  128  8:28  Hive  
  128  8:31  Zergling x8  
  130  8:36  Zergling x2, Baneling x2  
  130  8:39  Overlord  
  130  8:40  Drone, Overlord  
  132  8:43  Zergling x2, Hatchery  
  132  8:46  Zergling x6  
  132  8:47  Baneling x3  
  135  8:49  Overlord  
  135  8:50  Zergling x4  
  135  8:51  Zergling x2  
  135  8:52  Zergling x18  
  147  8:57  Zergling x2  
  147  9:01  Grooved Spines  
  147  9:02  Extractor, Lurker Den, Drone x3  
  150  9:05  Baneling x2  
  150  9:08  Hydralisk x2  
  149  9:15  Zergling x4  
  149  9:16  Zergling x6  
  144  9:23  Drone x2  
  145  9:28  Drone x3  
  145  9:30  Hydralisk x3  
  154  9:32  Zerg Missile Weapons Level 1  
  154  9:34  Drone x8  
  154  9:36  Zergling x2  
  163  9:42  Zergling x10  
  156  9:46  Baneling  
  156  9:47  Zergling x2, Baneling x7  
  156  9:48  Zergling x4  
  156  9:51  Overlord  
  159  9:53  Viper  
  159  9:57  Viper  
  159  9:59  Zergling x6  
  162  10:01  Baneling x2  
  162  10:02  Zergling x12  
  162  10:07  Seismic Spines, Overlord  
  167  10:08  Zergling x4  
  167  10:13  Zergling x8  
  167  10:14  Extractor, Zergling x2  
  170  10:15  Zergling x2  
  170  10:16  Zergling x4  
  170  10:17  Zergling x2  
  170  10:18  Zergling x2  
  170  10:20  Zergling x4  
  173  10:24  Baneling x6  
  173  10:27  Overseer  
  174  10:28  Zergling x14  
  174  10:32  Zerg Melee Weapons Level 3  
  174  10:34  Zergling x2, Baneling x2  
  174  10:35  Zergling x2  
  182  10:38  Drone  
  182  10:39  Drone x3, Overlord  
  182  10:41  Drone  
  186  10:46  Zergling x2  
  186  10:47  Zergling x8  
  180  10:55  Zergling x10  
  185  10:59  Baneling  
  185  11:00  Zergling x6, Baneling  
  185  11:04  Adaptive Talons  
  166  11:06  Zergling x26  
  166  11:09  Zergling x2  
  166  11:10  Zergling x2  
  181  11:13  Baneling x5  
  181  11:14  Lurker x4  
  181  11:15  Hydralisk x2  
  186  11:20  Zergling x2  
  186  11:21  Zergling x6  
  186  11:25  Zergling x4  
  167  11:33  Hydralisk x2  
  167  11:35  Zergling x8  
  164  11:42  Zergling x18  
  164  11:43  Zergling x12  
  170  11:49  Hydralisk x2  
  170  11:53  Hydralisk x3  
  158  11:58  Hydralisk x3  
  158  12:01  Baneling x8  
  164  12:02  Hydralisk  
  164  12:03  Muscular Augments, Overlord  
  164  12:04  Hydralisk x3  
  172  12:09  Hydralisk  
  172  12:13  Hydralisk x2  
  178  12:16  Baneling x5  
  178  12:18  Lurker  
  178  12:19  Lurker  
  178  12:21  Overlord x2  
  180  12:23  Zergling x6  
  180  12:26  Zergling x10  
  180  12:27  Overlord  
  187  12:34  Overseer  
  187  12:35  Zerg Missile Weapons Level 2  
  184  12:37  Zergling x6  
  184  12:41  Zergling x2  
  184  12:42  Zergling x20  
  196  12:48  Lurker x5  
  196  12:49  Lurker  
  200  12:57  Lurker  
  199  13:10  Zergling x8  
  199  13:11  Zergling x16  
  200  13:12  Lurker  
  199  13:26  Hatchery  
  198  13:37  Overseer  
  197  13:42  Zergling x4  
  197  13:43  Zergling x2  
  197  13:46  Zergling x2  
  200  13:53  Zergling x44  
  200  13:54  Zergling x2  
  196  13:56  Hydralisk x3  
  196  13:59  Zergling x6  
  197  14:03  Hydralisk x2  
  197  14:04  Hydralisk  
  197  14:07  Baneling x10  
  200  14:13  Zergling x10  
  200  14:16  Hydralisk x2  
  199  14:21  Zergling x2  
  193  14:26  Hydralisk x2  
  193  14:27  Hydralisk  
  193  14:28  Zergling x8  
  193  14:31  Zergling x6  
  200  14:32  Baneling x2  
  200  14:34  Overseer  
  200  14:45  Zergling x6  
  200  14:51  Zergling x6  
  197  14:53  Zergling x6  
  197  14:56  Overseer  
  197  14:58  Hydralisk x2  
  190  15:03  Zergling x30  
  190  15:07  Zergling x4  
  190  15:10  Zergling x2  
  190  15:11  Zergling x8  
  194  15:18  Lurker x9  
  194  15:19  Baneling x18  
  194  15:21  Baneling x7  
  197  15:33  Viper  
  200  15:40  Zergling x12  
  198  15:45  Zergling x10  
  198  15:46  Zergling x12  
  198  15:48  Zergling x4  
  198  15:49  Zergling x18  
  200  15:51  Overseer x4  
  200  15:56  Zergling x8  
  200  16:05  Spore Crawler  
  200  16:10  Zergling x4  
  199  16:12  Hatchery  
  194  16:20  Zergling x12  
  199  16:29  Zergling x2  
  193  16:33  Zergling x2  
  193  16:36  Zergling x18  
  193  16:38  Zergling x10  
  193  16:39  Overlord x3  
  192  16:40  Overlord  
  192  16:43  Hydralisk x2  
  192  16:44  Hydralisk  
  188  16:47  Zergling x2  
  188  16:48  Zergling x20  
  188  16:53  Hydralisk x4  
  191  16:54  Zergling x2  
  191  16:55  Zergling x4  
  191  16:58  Zergling x4  
  196  17:03  Overseer x3  
  196  17:04  Lurker x4  
  196  17:05  Baneling  
  196  17:07  Baneling x19  
  200  17:12  Baneling x7  
  200  17:13  Viper x2  
  191  17:25  Zergling x28  
  191  17:28  Zergling x2  
  197  17:31  Zergling x8  
  197  17:33  Zergling x2  
Show
View Real Time Build Order
Export as new Build Order

LiquidClem Terran 

Build Orders: Hellion Opening 

Get SALT Encoding   

  12  0:00  SCV  
  13  0:12  SCV  
  14  0:16  Supply Depot  
  14  0:24  SCV  
  15  0:38  SCV  
  15  0:39  Barracks  
  16  0:43  Refinery  
  16  0:50  SCV  
  17  1:02  SCV  
  18  1:14  SCV  
  19  1:27  Marine, Orbital Command  
  20  1:39  Command Center  
  20  1:49  Factory  
  21  1:54  SCV  
  21  2:01  Supply Depot  
  21  2:06  SCV  
  22  2:08  Barracks Reactor  
  22  2:14  Refinery  
  22  2:18  SCV  
  23  2:30  SCV  
  24  2:42  SCV, Starport  
  25  2:47  Hellion  
  25  2:48  Hellion  
  29  2:51  Orbital Command  
  29  2:54  SCV  
  29  2:57  Marine  
  31  3:07  SCV  
  31  3:09  Hellion x2  
  36  3:16  Barracks Tech Lab  
  36  3:17  SCV  
  37  3:20  SCV  
  37  3:22  Supply Depot  
  37  3:26  Medivac  
  40  3:33  Widow Mine x2  
  40  3:34  SCV x2  
  46  3:43  Marine, Stimpack  
  46  3:45  Supply Depot  
  47  3:49  SCV x2  
  51  3:56  Hellion x2  
  51  4:01  SCV  
  54  4:07  Marine, SCV, Liberator  
  59  4:13  SCV  
  60  4:21  Command Center  
  60  4:26  SCV  
  62  4:32  Factory Reactor  
  62  4:34  Supply Depot, SCV  
  62  4:40  Barracks  
  62  4:41  Barracks  
  62  4:55  Marine, SCV x2  
  62  4:56  Starport Reactor  
  62  4:57  Engineering Bay  
  65  5:03  Engineering Bay  
  65  5:07  Supply Depot, SCV x2  
  65  5:13  Marine  
  68  5:17  Refinery  
  68  5:18  Refinery  
  68  5:20  SCV x2  
  70  5:24  Factory Reactor  
  68  5:29  Marine  
  68  5:31  Marine  
  68  5:32  SCV x2  
  68  5:33  Combat Shield  
  68  5:34  Marine  
  68  5:35  Orbital Command  
  69  5:36  Terran Infantry Weapons Level 1  
  69  5:37  Terran Infantry Armor Level 1  
  69  5:44  Marine x2, SCV x2  
  69  5:46  Marine  
  69  5:48  Marine, Medivac  
  77  5:52  Marine, Medivac  
  77  5:55  Supply Depot  
  77  5:56  SCV x2  
  82  5:58  Orbital Command  
  82  6:02  Marine x2  
  84  6:04  Marine  
  84  6:08  Supply Depot, Widow Mine x2, SCV x2  
  84  6:09  Supply Depot  
  91  6:12  Marine x2  
  93  6:20  Marine x2, SCV x2  
  93  6:25  Medivac x2  
  101  6:29  Barracks  
  101  6:30  Barracks  
  101  6:31  Marine x2  
  103  6:35  Armory  
  103  6:37  SCV  
  103  6:39  SCV  
  105  6:40  Marine, SCV  
  105  6:44  Widow Mine x2  
  111  6:49  SCV  
  111  6:52  SCV  
  113  6:55  SCV  
  113  6:56  Marine x2  
  113  6:57  Supply Depot  
  113  6:59  Marine  
  117  7:01  Supply Depot  
  117  7:11  Factory  
  117  7:16  Refinery  
  117  7:17  Supply Depot  
  117  7:18  Marine x3, SCV x3, Medivac x2  
  117  7:20  Marine x2  
  124  7:24  Marine  
  124  7:28  Marine  
  125  7:30  SCV x3  
  125  7:32  Terran Infantry Armor Level 2  
  125  7:34  Terran Infantry Weapons Level 2  
  127  7:39  Widow Mine x2  
  127  7:42  SCV x2, Supply Depot  
  127  7:43  SCV  
  134  7:46  Barracks Reactor  
  134  7:47  Barracks Reactor  
  134  7:48  Marine, Supply Depot  
  135  7:51  Supply Depot  
  135  7:52  Marine  
  135  7:54  SCV  
  131  8:00  Marine, Factory Tech Lab  
  131  8:01  SCV  
  130  8:06  Marine  
  130  8:08  Marine x2, Medivac  
  130  8:09  Widow Mine  
  130  8:10  Marine  
  132  8:15  SCV x2  
  132  8:18  Marine, Command Center  
  132  8:19  Drilling Claws  
  117  8:22  Widow Mine  
  117  8:24  Marine  
  117  8:26  Marine x3, Widow Mine  
  123  8:27  Marine  
  123  8:29  Marine  
  123  8:32  Marine x2  
  123  8:33  Widow Mine, Medivac  
  128  8:36  Marine  
  128  8:38  Medivac  
  131  8:41  Marine  
  131  8:43  Supply Depot  
  131  8:44  Marine x3  
  131  8:45  Marine, Widow Mine  
  131  8:47  Marine, Widow Mine  
  131  8:48  Terran Vehicle And Ship Armor Level 1  
  141  8:50  Marine  
  140  8:58  Widow Mine  
  140  9:00  Marine x3  
  140  9:01  Marine  
  146  9:03  Marine x2  
  146  9:06  Marine, Supply Depot  
  148  9:11  Widow Mine  
  148  9:13  Marine  
  148  9:14  Marauder  
  141  9:17  Marine  
  141  9:18  Marine x2, Medivac  
  141  9:19  Marine, Widow Mine  
  141  9:21  Marine x2  
  141  9:24  Marine, Widow Mine  
  148  9:25  Supply Depot  
  148  9:26  Sensor Tower  
  148  9:27  Bunker  
  148  9:29  Supply Depot  
  149  9:31  Marine  
  149  9:35  Marine x3  
  149  9:36  Widow Mine  
  155  9:41  Widow Mine  
  155  9:43  Marine x4  
  155  9:44  Marine  
  155  9:45  Widow Mine  
  157  9:49  Medivac  
  159  9:54  Marine  
  159  9:56  Marine  
  159  9:57  Marine  
  159  9:58  Widow Mine  
  157  10:00  Medivac  
  157  10:01  Marine  
  157  10:02  Planetary Fortress  
  157  10:03  Widow Mine  
  157  10:04  SCV x2  
  157  10:06  Widow Mine  
  157  10:07  Marine, SCV  
  164  10:09  Marine  
  167  10:14  Concussive Shells  
  167  10:15  Terran Infantry Weapons Level 3  
  167  10:19  Terran Infantry Armor Level 3  
  167  10:24  Marine  
  167  10:26  Widow Mine  
  170  10:29  SCV  
  170  10:30  Command Center  
  170  10:33  Marine  
  170  10:34  Marine, Widow Mine  
  175  10:40  Liberator x2  
  181  10:43  Widow Mine, Marauder  
  177  10:51  Marine, Widow Mine  
  177  10:52  Marine x3  
  177  10:55  Widow Mine  
  185  10:57  Barracks  
  185  10:58  SCV  
  185  10:59  SCV  
  185  11:00  Marine, SCV, Barracks  
  185  11:03  Barracks  
  183  11:05  Marine x2  
  183  11:10  Widow Mine  
  185  11:16  Terran Vehicle And Ship Armor Level 2  
  183  11:18  Widow Mine  
  183  11:23  Medivac, Liberator  
  183  11:25  Marine x5, Marauder  
  181  11:28  Widow Mine  
  181  11:29  Marine x2  
  181  11:31  Marine  
  181  11:32  SCV  
  184  11:34  SCV  
  184  11:36  SCV x2  
  184  11:38  Refinery  
  184  11:39  Ghost Academy  
  180  11:40  Refinery  
  180  11:43  Marine x3, SCV  
  180  11:44  SCV  
  180  11:45  Marine, Widow Mine  
  180  11:47  Marine, Marauder  
  170  11:49  Marine  
  170  11:51  Marine  
  170  11:52  Marine  
  168  12:00  Marine  
  168  12:01  Widow Mine  
  165  12:08  Barracks Tech Lab x2, Marauder  
  164  12:09  Barracks Tech Lab  
  164  12:15  Marine x3, Widow Mine  
  168  12:17  Marine x2, Widow Mine  
  168  12:18  Marine x2  
  175  12:24  SCV x2  
  175  12:28  Ghost x2  
  175  12:29  Command Center  
  183  12:30  Ghost  
  183  12:31  Marine  
  183  12:32  Widow Mine  
  183  12:34  Liberator x2  
  183  12:35  Marine  
  193  12:37  Marine  
  193  12:42  Ghost  
  189  12:49  SCV, Missile Turret  
  189  12:50  SCV x2  
  189  12:51  Marine x2  
  193  12:55  Planetary Fortress  
  193  12:57  Ghost  
  193  12:58  Marauder  
  196  13:01  Siege Tank  
  192  13:10  Widow Mine  
  192  13:12  SCV  
  190  13:17  Medivac  
  190  13:18  Refinery x2  
  190  13:19  Command Center  
  192  13:20  Command Center  
  192  13:21  Missile Turret  
  192  13:24  Sensor Tower  
  192  13:25  Widow Mine  
  192  13:31  Widow Mine  
  192  13:34  Marine, Terran Vehicle And Ship Armor Level 3, Marauder  
  194  13:35  Widow Mine  
  198  13:49  Marauder  
  198  13:52  Medivac  
  198  13:54  Marine, Widow Mine  
  195  13:57  Medivac  
  195  14:00  Widow Mine  
  182  14:05  Widow Mine  
  179  14:11  Marine x6  
  179  14:12  Ghost  
  179  14:13  Ghost x2  
  179  14:15  Widow Mine, Ghost  
  184  14:18  SCV  
  184  14:21  Marine  
  184  14:22  Medivac  
  185  14:26  Command Center  
  185  14:30  Marine, Widow Mine  
  186  14:32  Medivac  
  188  14:39  Refinery  
  188  14:41  Ghost  
  188  14:42  Refinery, Marauder, Ghost  
  188  14:43  Ghost  
  191  14:51  SCV  
  190  14:53  Widow Mine x2  
  190  14:54  Marine  
  190  14:55  SCV  
  185  15:02  SCV  
  185  15:03  Ghost  
  185  15:04  Widow Mine  
  181  15:09  Ghost  
  181  15:10  Ghost  
  181  15:12  Ghost  
  174  15:14  Marine  
  174  15:16  SCV  
  174  15:23  Widow Mine  
  174  15:24  Marine  
  174  15:25  Marine  
  178  15:31  Ghost  
  178  15:33  Missile Turret  
  180  15:38  Ghost  
  182  15:42  Orbital Command  
  151  15:51  Ghost x2  
  151  15:52  SCV  
  151  15:53  SCV x2  
  151  15:56  SCV  
  147  16:01  Ghost  
  147  16:02  SCV  
  152  16:04  Marine, Widow Mine  
  152  16:05  Marine  
  154  16:14  Ghost  
  146  16:19  Ghost x2  
  146  16:24  Widow Mine  
  154  16:26  Widow Mine  
  154  16:28  Marine x2  
  148  16:38  Ghost  
  138  16:40  SCV  
  138  16:41  SCV  
  138  16:43  Orbital Command  
  138  16:45  Widow Mine  
  138  16:46  SCV  
  130  16:47  Orbital Command  
  130  16:48  SCV  
  130  16:51  Widow Mine  
  131  16:58  Marine x2  
  132  17:03  Marine x3  
  132  17:05  SCV x2  
  132  17:06  SCV  
  132  17:07  SCV, Widow Mine  
  141  17:11  SCV  
  141  17:14  SCV  
  143  17:15  Missile Turret  
  143  17:17  SCV x2  
  143  17:18  SCV  
  143  17:19  SCV  
  143  17:24  Widow Mine  
  143  17:25  Marine x3  
  143  17:29  Marine  
  135  17:30  Marine  
  135  17:33  SCV x2  
  135  17:34  SCV x2  
Tags
 
Add a new tag
Caveats
  • Supply blocks, unpowered buildings, or Contaminate may cause inaccurate times.
  • Supply counts are checked every 10 seconds.